Map: Blackpink LE

Players

axu - Winner!

  • Race: Protoss Protoss
  • League: Platinum
  • Spawn Location: 1:00

ALFA

  • Race: Terran Terran
  • League: Platinum
  • Spawn Location: 7:00

VOD

Have the link to the VOD?

Description

Time

  • Played on: April 10, 2018, 12:36 p.m.
  • Length: 8:19
Show
View Real Time Build Order
Export as new Build Order

axu Protoss - Winner!

Build Orders: 1 Gate Expand, Oracle Opening 

Get SALT Encoding   

  12  0:01  Probe  
  13  0:13  Probe  
  14  0:21  Pylon  
  14  0:25  Probe  
  15  0:39  Probe  
  16  0:44  Gateway  
  16  0:52  Probe (Chrono Boost)  
  17  0:57  Assimilator  
  18  1:04  Probe (Chrono Boost)  
  19  1:11  Probe (Chrono Boost)  
  19  1:21  Probe  
  20  1:36  Nexus  
  20  1:47  Cybernetics Core  
  20  1:48  Probe  
  21  2:00  Probe  
  22  2:01  Assimilator  
  22  2:06  Pylon  
  22  2:12  Probe  
  23  2:24  Probe  
  23  2:29  Stargate  
  24  2:36  Probe  
  25  2:40  Warp Gate  
  25  2:49  Probe (Chrono Boost)  
  25  2:51  Probe (Chrono Boost)  
  27  3:00  Probe (Chrono Boost)  
  27  3:01  Probe (Chrono Boost), Pylon  
  27  3:03  Adept (Chrono Boost)  
  31  3:12  Oracle  
  34  3:14  Probe  
  34  3:16  Probe  
  36  3:21  Gateway x2  
  36  3:31  Twilight Council  
  36  3:35  Adept  
  38  3:48  Probe x2 (Chrono Boost)  
  40  3:55  Pylon  
  40  4:00  Probe (Chrono Boost)  
  40  4:01  Probe (Chrono Boost)  
  42  4:03  Oracle  
  42  4:09  Probe x2 (Chrono Boost)  
  47  4:14  Probe (Chrono Boost)  
  43  4:38  Probe  
  43  4:39  Probe  
  45  4:48  Gateway, Blink (Chrono Boost)  
  45  4:50  Gateway x2, Probe  
  45  4:51  Probe  
  47  4:53  Gateway  
  47  4:54  Pylon  
  47  4:55  Stalker  
  47  4:56  Stalker x2  
  47  4:59  Assimilator  
  53  5:02  Assimilator  
  53  5:13  Robotics Facility  
  53  5:26  Probe  
  53  5:27  Probe  
  55  5:28  Stalker  
  55  5:29  Stalker  
  59  5:40  Probe x2  
  61  5:51  Stalker  
  61  5:52  Stalker  
  63  6:07  Stalker  
  65  6:17  Stalker  
  65  6:18  Stalker  
  69  6:22  Pylon  
  69  6:24  Observer  
  69  6:25  Pylon  
  70  6:29  Pylon  
  70  6:32  Pylon  
  70  6:41  Stalker x2  
  70  6:45  Warp Prism  
  74  6:53  Stalker x4  
  74  6:54  Stalker  
  77  7:17  Stalker x3  
  77  7:18  Stalker x4  
  91  7:43  Nexus  
  91  7:45  Stalker x5  
  99  8:03  Stalker x2  
Show
View Real Time Build Order
Export as new Build Order

ALFA Terran 

Build Orders:  

Get SALT Encoding   

  12  0:02  SCV  
  13  0:18  Supply Depot, SCV  
  14  0:30  SCV  
  15  0:41  Barracks  
  16  0:42  SCV  
  16  0:46  Refinery  
  16  0:57  SCV  
  17  1:09  SCV  
  18  1:23  Command Center  
  18  1:34  Supply Depot  
  18  1:35  Marine  
  19  1:40  SCV  
  20  1:51  Barracks  
  20  2:26  Barracks Tech Lab  
  20  2:28  Factory  
  20  2:31  SCV  
  21  2:40  Refinery  
  21  2:41  Orbital Command  
  21  2:43  SCV  
  22  2:48  Barracks Reactor  
  22  2:55  Engineering Bay  
  22  2:56  Marine  
  23  3:00  SCV  
  24  3:12  SCV  
  25  3:14  Marine  
  25  3:16  Widow Mine  
  25  3:18  Stimpack  
  28  3:31  Marine  
  28  3:32  Missile Turret  
  28  3:33  Missile Turret  
  29  3:40  Missile Turret  
  29  3:49  Starport  
  29  4:04  SCV  
  29  4:07  Orbital Command  
  30  4:16  SCV  
  31  4:30  Marine x2  
  29  4:42  SCV x2  
  29  4:44  Marine  
  32  4:47  Starport Reactor, Marine  
  32  4:48  Marine, Factory Tech Lab  
  34  4:54  SCV  
  34  4:56  Supply Depot, SCV  
  36  5:02  Sensor Tower  
  36  5:04  Missile Turret  
  36  5:06  SCV  
  37  5:08  Marine, SCV  
  37  5:09  Marine x2  
  37  5:12  Terran Infantry Weapons Level 1  
  41  5:22  Armory  
  41  5:24  Viking  
  43  5:41  Marine  
  43  5:42  Marine x2  
  46  5:47  Medivac  
  46  5:49  SCV x2  
  50  5:55  Refinery x2  
  48  5:59  Marine  
  48  6:01  SCV  
  48  6:02  SCV  
  49  6:09  Marine x2  
  50  6:17  Marine, Siege Tank  
  54  6:18  Bunker  
  54  6:45  Marine  
  54  6:48  Marine x2  
  54  7:13  Supply Depot  
  54  7:14  Supply Depot  
  54  7:15  Supply Depot  
  54  7:18  Supply Depot  
  54  7:34  Medivac, Marine x3, SCV, Viking  
  54  7:36  SCV  
  63  7:47  SCV  
  63  7:48  SCV  
  65  7:52  Marine x2  
  65  7:53  Barracks  
  65  7:57  Barracks  
  65  7:58  Barracks  
Tags
 
Add a new tag
Caveats
  • Supply blocks, unpowered buildings, or Contaminate may cause inaccurate times.
  • Supply counts are checked every 10 seconds.